 Dungeon Crawl Stone Soup version 0.31-a0-1405-g2bb1a01664 (webtiles) character file.

Game seed: 13204105330650357654

3308 Arcadio the Grappler (level 9, -8/93 HPs)
             Began as a Troll Monk on Dec 25, 2023.
             Was a Priest of Cheibriados.
             Mangled by Erica
             ... wielding a +1 scimitar of flaming
              (17 damage)
             ... on level 8 of the Dungeon.
             The game lasted 00:16:48 (6439 turns).

Arcadio the Grappler (Troll Monk)                   Turns: 6439, Time: 00:16:56

Health: -8/93      AC:  5    Str: 32    XL:     9   Next: 70%
Magic:  8/8        EV: 14    Int: 13    God:    Cheibriados [***...]
Gold:   444        SH:  0    Dex: 19    Spells: 8/8 levels left

rFire   . .          .
                       - Unarmed
rCold   . . .        c - orb {light}
rNeg    . . .        p - +1 robe {Will+}
rPois   .            (helmet restricted)
rElec   .            (no cloak)
rCorr   +            (gloves unavailable)
SInv    .            (boots unavailable)
Will    +....        (no amulet)
Stlth   +            q - ring of flight
HPRegen 1.15/turn    s - ring of resist corrosion
MPRegen 0.11/turn

%: no passive effects
@: mighty, lethally poisoned (-8 -> -27), flying, glowing, very slow
A: large, unfitting armour, claws 3, regeneration 1, shaggy fur 1, tough skin 1
a: Renounce Religion, Bend Time, Temporal Distortion


You were on level 8 of the Dungeon.
You worshipped Cheibriados.
Cheibriados was most pleased with you.
You visited 2 branches of the dungeon, and saw 9 of its levels.
You also visited: Sewer.

You collected 444 gold pieces.

Inventory:

Armour
 a - a +0 robe
 b - a +0 cloak of willpower
 c - an orb of light (worn)
 p - a +1 robe of willpower (worn)
Jewellery
 q - a ring of flight (left claw)
 s - a ring of resist corrosion (right claw)
 y - a ring of ice
Talismans
 h - a dragon-blood talisman
Wands
 w - a wand of flame (38)
Scrolls
 d - 4 scrolls of vulnerability
 g - a scroll of poison {unknown}
 i - 2 scrolls of fear
 j - 2 scrolls of enchant armour {unknown}
 k - a scroll of amnesia
 l - 3 scrolls of teleportation
 m - 3 scrolls of fog {unknown}
 r - a scroll of noise {unknown}
 t - a scroll of revelation {unknown}
 u - 2 scrolls of enchant weapon {unknown}
 v - 2 scrolls of immolation {unknown}
Potions
 e - 3 potions of brilliance
 f - a potion of enlightenment {unknown}
 n - 2 potions of heal wounds {unknown}
 o - a potion of might
 x - 2 potions of cancellation {unknown}


   Skills:
 + Level 7.2 Fighting
 + Level 7.1 Dodging
 + Level 8.5 Unarmed Combat


You had 8 spell levels left.
You didn't know any spells.
Your spell library contained the following spells:

 Spells                   Type           Power      Damage    Failure   Level
 Freeze                   Ice            0%         1d3       30%         1
 Blink                    Tloc           0%         N/A       43%         2
 Lesser Beckoning         Tloc           0%         N/A       43%         2
 Momentum Strike          Conj/Tloc      0%         3d8       43%         2
 Frozen Ramparts          Ice            0%         1d1       67%         3
 Hailstorm                Conj/Ice       0%         3d5       67%         3
 Volatile Blastmotes      Fire/Tloc      0%         2d10      67%         3
 Animate Armour           Summ/Erth      0%         N/A       97%         4
 Fulminant Prism          Conj/Alch      0%         3d5       97%         4
 Iskenderun's Mystic Bla  Conj/Tloc      0%         2d3       97%         4
 Summon Ice Beast         Ice/Summ       0%         N/A       97%         4
 Summon Lightning Spire   Summ/Air       0%         N/A       97%         4
 Lee's Rapid Deconstruct  Erth           0%         3d4*      100%        5
 Simulacrum               Ice/Necr       0%         N/A       100%        6


Dungeon Overview and Level Annotations

Branches:
Dungeon (8/15) Zot: 40229  Temple (1/1) D:7 Zot: 8998    Lair (0/5) D:8
  Sewer (visited)

Altars:
Ashenzari
Cheibriados
Dithmenos
Elyvilon
Fedhas
Gozag
Kikubaaqudgha
Makhleb
Nemelex Xobeh
Okawaru
Qazlal
Ru
Sif Muna
Trog
Uskayaw
Vehumet
Wu Jian
Xom
Yredelemnul
Zin
The Shining One

Shops:
D:6 (

Annotations:
D:8 Erica


Innate Abilities, Weirdness & Mutations

You are too large for most types of armour.
You have claws for hands.
Your natural rate of healing is unusually fast.
You are covered in fur. (AC +1)
You have tough skin. (AC +1)


Message History

You claw the orc!
You kill the orc!
Cheibriados appreciates the change of pace.
You see here a +0 long sword.
There is a fountain of clear blue water here.
Erica the Fiery-Tempered comes into view.
She is wielding a +1 scimitar of flaming and wearing an amulet of reflection.
Erica shouts!
Erica casts a spell at you. The bolt of poison hits you!
You are poisoned.
Press: ? - help, v - describe, . - travel
Here: Erica, wielding a +1 scimitar of flaming and wearing an amulet of reflection (reflecting blocked projectiles, haloed)
The floor.
You feel very sick.
You mangle Erica!!
Erica is heavily wounded.
You feel sick. Erica casts a spell at you. The bolt of poison hits you!!
You are more poisoned.
You barely miss Erica.
Erica is heavily wounded.
You feel very sick. Erica barely misses you.
You claw Erica!
Erica is heavily wounded.
You feel very sick.
Erica says, "I'm so much better than you."
Erica casts a spell at you. The bolt of poison hits you!!
You are more poisoned.
* * * LOW HITPOINT WARNING * * *
It was a potion of might.
You feel very mighty all of a sudden.
* * * LOW HITPOINT WARNING * * *
You feel very sick.
Erica writhes her tentacles angrily.
Erica hits you with a +1 scimitar of flaming!
You die...
Erica begins burbling mirthfully and uncontrollably.

.. #.8.# ⌠.###...##
.......... #........
#........ ##
#.......# #.
.......x# #.##
.......@####..###
..........###...##
#...###.⌠.##..#..###
#.8 #...##.###...##
# #...#..# ###..# ##
#....)## ##.# #.
####### #.###.
#..##. ##.##.


You could see Erica (reflecting).

Vanquished Creatures
  Pikel (D:7)
  Maurice (D:6)
  Pargi (Sewer)
  2 orc warriors
  A black bear (D:6)
  A sky beast (D:6)
  2 ogres
  A centaur (D:5)
  A lemure (D:7)
  3 phantoms
  4 bullfrogs
  3 gnoll sergeants
  2 scorpions
  A howler monkey (D:6)
  2 hounds (D:5)
  6 jellies
  6 orc priests
  5 orc wizards
  Robin (D:3)
  12 adders
  13 gnolls
  A white imp (D:6)
  5 worms
  5 dart slugs
  25 orcs
  3 bats
  7 endoplasms
  3 giant cockroaches
  16 goblins
  12 hobgoblins
  5 jackals (Sewer)
  9 kobolds
  3 quokkas
  6 ball pythons
  A frilled lizard (D:3)
  9 rats
179 creatures vanquished.

Notes
Turn   | Place    | Note
-------+----------+-------------------------------------------
     0 | D:1      | Arcadio the Troll Monk began the quest for the Orb.
     0 | D:1      | Reached XP level 1. HP: 22/22 MP: 0/0
   109 | D:1      | Reached XP level 2. HP: 29/29 MP: 1/1
   532 | D:1      | Reached XP level 3. HP: 36/36 MP: 2/2
  1666 | D:3      | Found an ornate altar of the Wu Jian Council.
  1689 | D:3      | Reached XP level 4. HP: 40/45 MP: 3/3
  1746 | D:3      | Noticed Robin
  1793 | D:3      | Killed Robin
  1940 | D:3      | Reached skill level 4 in Unarmed Combat
  2279 | D:4      | Noticed an ogre
  2397 | D:4      | Reached XP level 5. HP: 49/53 MP: 4/4
  2459 | D:4      | Killed an ogre
  2545 | D:4      | Reached XP level 6. HP: 51/62 MP: 5/5
  2686 | D:4      | Found a glowing drain.
  2694 | Sewer    | Entered a sewer
  2742 | Sewer    | Noticed Pargi
  2772 | Sewer    | Killed Pargi
  2968 | D:4      | Reached skill level 5 in Unarmed Combat
  3356 | D:5      | Entered Level 5 of the Dungeon
  3391 | D:5      | Identified the +0 spear of Cataclysm {elec, rN++ Str+5
                  | SInv}
  3469 | D:5      | Reached XP level 7. HP: 48/71 MP: 6/6
  3936 | D:5      | Reached skill level 5 in Fighting
  3947 | D:5      | Reached skill level 5 in Dodging
  3947 | D:5      | Reached skill level 6 in Unarmed Combat
  4087 | D:5      | Found a snail-covered altar of Cheibriados.
  4376 | D:5      | Reached XP level 8. HP: 80/80 MP: 7/7
  4495 | D:5      | Became a worshipper of Cheibriados the Contemplative
  4495 | D:5      | Reached * piety under Cheibriados
  4495 | D:5      | Reached ** piety under Cheibriados
  4546 | D:6      | Found an iron altar of Okawaru.
  4727 | D:6      | Found a burning altar of Makhleb.
  4739 | D:6      | Found a bloodstained altar of Trog.
  4743 | D:6      | Found a shimmering altar of Xom.
  4744 | D:6      | Found a shimmering blue altar of Sif Muna.
  4744 | D:6      | Found an ancient bone altar of Kikubaaqudgha.
  4744 | D:6      | Found a basalt altar of Yredelemnul.
  4748 | D:6      | Found a hide-covered altar of Uskayaw.
  4800 | D:6      | Reached skill level 7 in Unarmed Combat
  5025 | D:6      | Found Xuegavih's Firing Range.
  5366 | D:7      | Noticed Pikel
  5382 | D:7      | Killed Pikel
  5383 | D:7      | Reached XP level 9. HP: 89/92 MP: 8/8
  5669 | D:7      | Reached *** piety under Cheibriados
  5725 | D:7      | Found a staircase to the Ecumenical Temple.
  5737 | Temple   | Entered the Ecumenical Temple
  5778 | D:7      | Noticed Maurice
  5785 | D:7      | Maurice stole a dragon-blood talisman
  5786 | D:7      | Maurice stole a ring of ice
  5786 | D:7      | Maurice stole 425 gold
  5813 | D:6      | HP: 4/92 [Maurice/+0 dagger (9)]
  5814 | D:6      | HP: 1/92 [Maurice/puff of flame (7)]
  5841 | D:6      | Killed Maurice
  5842 | D:6      | Reached skill level 8 in Unarmed Combat
  6238 | D:8      | Found a staircase to the Lair.
  6434 | D:8      | Noticed Erica
  6439 | D:8      | Mangled by Erica

Illustrated notes

Levels and vault maps discovered:
D:1:      onia_arrival_mini_maze, layout_loops_ring, hex_medium,
          minmay_statues_item, chequers_serial_rivers_small_b
D:2:      layout_basic, wad_floor_pattern_1, minmay_misc_feat_secret_circle
D:3:      layout_rooms, old_standard_altar, uniq_robin
D:4:      layout_loops_corners, cheibrodos_sewer_entry_bend
D:5:      layout_basic, cheibrodos_worm_habitat, serial_bayou_pond_a,
          nicolae_half_adder
D:6:      layout_basic, minitemple, okawaru_gym_becter,
          nicolae_shop_firing_range
D:7:      layout_loops_cross, minmay_temple_entry_offerings, uniq_pikel,
          uniq_maurice
D:8:      layout_basic, minmay_lair_entry_grove,
          nicolae_elevator_lobby_asterisk, uniq_erica
Temple:   jpeg_temple_clearing

Skill      XL: |  1  2  3  4  5  6  7  8  9 |
---------------+----------------------------+-----
Fighting       | 3 4 5 6 7 |  7.2
Dodging        | 3 4 5 6 7 |  7.1
Unarmed Combat | 4 5 6 7 8 |  8.5

Action                     |  1- 3 |  4- 6 |  7- 9 || total
---------------------------+-------+-------+-------++-------
  Melee: Unarmed           |    76 |   128 |   233 ||   437
 Invoke: Bend Time         |       |       |     2 ||     2
  Evoke: Wand              |       |       |     6 ||     6
    Use: Scroll            |       |     3 |     3 ||     6
         Potion            |       |       |     2 ||     2
 Armour: Robe              |    33 |    74 |   210 ||   317
  Dodge: Dodged            |    30 |    60 |   219 ||   309

Table legend: (Time is in decaauts)
 A = Elapsed time spent in this place.
 B = Non-inter-level travel time spent in this place.
 C = Inter-level travel time spent in this place.
 D = Time resting spent in this place.
 E = Time spent auto-exploring this place.
 F = Levels seen in this place.
 G = Mean time per level.
                   A        B        C        D        E       F      G
               +--------+--------+--------+--------+--------+-----+--------+
         Total |   7226 |   6841 |    385 |    186 |   5166 |  10 |  722.6 |
       Dungeon |   7032 |   6647 |    385 |    186 |   5070 |   8 |  879.0 |
        Temple |      1 |      1 |      0 |      0 |      0 |   1 |    1.0 |
         Sewer |    193 |    193 |      0 |      0 |     96 |   1 |  193.0 |
               +--------+--------+--------+--------+--------+-----+--------+

Top non-repeatable levels by time:
     D:6: 1411 daAuts
     D:7: 1126 daAuts
     D:5: 1077 daAuts
     D:2: 909 daAuts
     D:4: 907 daAuts
     D:1: 695 daAuts
     D:3: 635 daAuts
     D:8: 269 daAuts
   Sewer: 193 daAuts
  Temple: 1 daAuts
